 Dungeon Crawl Stone Soup version 0.32-a0-131-g9dbbe29 (webtiles) character file.

Game seed: 4178388636787098130

3102237 jagoly the Demolition Ghoul (level 27, 146/254 HPs)
             Began as a Ghoul Fighter on Feb 8, 2024.
             Was an Elder of Makhleb.
             Escaped with the Orb
             ... and 5 runes
             ... and 1 gem (intact)!
             The game lasted 06:54:05 (75029 turns).

jagoly the Demolition Ghoul (Ghoul Fighter)        Turns: 75029, Time: 06:54:06

Health: 146/254    AC: 43    Str: 35      XL:     27
Magic:  48/48      EV: 14    Int: 12 (13) God:    Makhleb [****..]
Gold:   7245       SH: 19    Dex: 15 (16) Spells: 26/26 levels left

rFire   + +          +
                       - Unarmed
rCold   + . .        H - +5 Storm Queen's Shield {shock, Fly rElec}
rNeg    + + +        t - +9 gold dragon scales
rPois   ∞            z - +2 helmet
rElec   +            o - +1 cloak {Will+}
rCorr   .            Y - +2 pair of gloves "Ezibrofitu" {Will+}
SInv    .            p - +2 pair of boots
Will    ++++.        a - amulet of guardian spirit Stlth
                     D - ring "Mankouj" {rF++ rN+++ Will- Int+6}
HPRegen 0.62/turn    Z - ring of Memap {rC- Will+ MP+9 Str+3 Dex+6}
MPRegen 0.31/turn

%: guardian spirit
@: flying, studying 3 skills
A: claws 1, cold resistance 1, negative energy resistance 3, inhibited
regeneration, torment resistance 2, devour on kill
0: Orb of Zot
}: 5/15 runes: decaying, slimy, silver, abyssal, gossamer
a: Renounce Religion, Minor Destruction, Lesser Servant of Makhleb, Major
Destruction


You escaped.
You worshipped Makhleb.
Makhleb was greatly pleased with you.
You visited 12 branches of the dungeon, and saw 56 of its levels.
You visited the Abyss 2 times.
You visited 2 bazaars.
You also visited: Trove and Wizlab.

You collected 10089 gold pieces.
You spent 2844 gold pieces at shops.

Inventory:

Missiles
 j - 9 throwing nets
 n - 28 boomerangs (quivered)
 w - 15 silver javelins
 B - 22 curare-tipped darts
 P - 4 javelins
Armour
 o - a +1 cloak of willpower (worn)
 p - a +2 pair of boots (worn)
 t - +9 gold dragon scales (worn)
 z - a +2 helmet (worn)
 H - the +5 Storm Queen's Shield (worn) {shock, Fly rElec}
   (You bought it in a shop on level 9 of the Dungeon)

   Shock:     When it blocks an attack, it may electrocute the attacker.
   This works even against foes who are a short distance away.
   rElec:     It insulates you from electricity.
   Fly:       It grants you flight.
 Y - the +2 pair of gloves "Ezibrofitu" (worn) {Will+}
   (You acquired it on level 3 of the Vaults)

   Will+:     It increases your willpower.
Jewellery
 a - an amulet of guardian spirit (around neck)
 D - the ring "Mankouj" (left hand) {rF++ rN+++ Will- Int+6}
   (You found it on level 3 of the Crypt)

   [ring of intelligence]

   Int+6:     It affects your intelligence (+6).
   rF++:      It greatly protects you from fire.
   rN+++:     It renders you almost immune to negative energy.
   Will-:     It decreases your willpower.
 E - a +6 ring of strength
 T - a ring of protection from cold
 U - a ring of see invisible
 V - the ring of Kyj Hemm {rPois rC- Will+++ rCorr Stlth+}
   (You found it on level 12 of the Dungeon)

   [ring of resist corrosion]

   rC-:       It makes you vulnerable to cold.
   rPois:     It protects you from poison Will+++: It greatly increases your
   willpower.
   rCorr:     It protects you from acid and corrosion.
   Stlth+:    It makes you more stealthy.
 Z - the ring of Memap (right hand) {rC- Will+ MP+9 Str+3 Dex+6}
   (You found it on level 14 of the Dungeon)

   [ring of magical power]

   Str+3:     It affects your strength (+3).
   Dex+6:     It affects your dexterity (+6).
   rC-:       It makes you vulnerable to cold.
   Will+:     It increases your willpower.
   MP+9:      It affects your magic capacity (+9).
Wands
 i - a wand of quicksilver (39)
 q - a wand of digging (17)
 r - a wand of iceblast (50)
 s - a wand of charming (62)
 y - a wand of mindburst (78)
 F - a wand of polymorph (34)
Scrolls
 b - 6 scrolls of identify
 d - a scroll of fog
 u - 3 scrolls of torment
 v - 4 scrolls of teleportation
 x - 11 scrolls of poison
 C - 8 scrolls of vulnerability
 J - 2 scrolls of silence
 K - 3 scrolls of immolation
Potions
 c - 3 potions of resistance
 e - 4 potions of haste
 f - 9 potions of invisibility
 g - 7 potions of might
 h - 10 potions of attraction
 k - 3 potions of heal wounds
 l - 9 potions of curing
 I - 8 potions of enlightenment
 L - 2 potions of ambrosia
 S - 5 potions of magic
Miscellaneous
 A - a sack of spiders
 N - a tin of tremorstones (2/2)
 O - a phial of floods
 R - a phantom mirror


   Skills:
 + Level 21.9 Fighting
 - Level 14.0 Throwing
 - Level 16.0 Armour
 - Level 16.0 Dodging
 - Level 16.0 Shields
 - Level 24.0 Unarmed Combat
 - Level 24.0 Invocations
 - Level 16.0 Evocations


You had 26 spell levels left.
You didn't know any spells.
Your spell library contained the following spells:

 Spells                   Type           Power      Damage    Failure   Level
 Apportation              Tloc           0%         N/A       99%         1
 Foxfire                  Conj/Fire      0%         2x1d4     99%         1
 Freeze                   Ice            0%         1d3       99%         1
 Kiss of Death            Conj/Necr      0%         2d5       99%         1
 Magic Dart               Conj           0%         1d3       99%         1
 Necrotise                Necr           0%         1d4       99%         1
 Shock                    Conj/Air       0%         1d3       99%         1
 Slow                     Hex            0%         N/A       99%         1
 Sting                    Conj/Alch      0%         1d3       99%         1
 Blink                    Tloc           0%         N/A       100%        2
 Call Imp                 Summ           0%         N/A       100%        2
 Cigotuvi's Dreadful Rot  Necr/Alch/Air  0%         N/A       100%        2
 Ensorcelled Hibernation  Hex/Ice        0%         N/A       100%        2
 Jinxbite                 Hex            0%         N/A       100%        2
 Lesser Beckoning         Tloc           0%         N/A       100%        2
 Mercury Vapours          Alch/Air       0%         N/A       100%        2
 Momentum Strike          Conj/Tloc      0%         3d8       100%        2
 Scorch                   Fire           0%         2d5       100%        2
 Searing Ray              Conj           0%         2d4       100%        2
 Static Discharge         Conj/Air       0%         3-3/arc   100%        2
 Call Canine Familiar     Summ           0%         N/A       100%        3
 Confusing Touch          Hex            0%         N/A       100%        3
 Frozen Ramparts          Ice            0%         1d1       100%        3
 Fugue of the Fallen      Necr           0%         N/A       100%        3
 Gell's Gravitas          Tloc           0%         N/A       100%        3
 Hailstorm                Conj/Ice       0%         3d5       100%        3
 Inner Flame              Hex/Fire       0%         N/A       100%        3
 Mephitic Cloud           Conj/Alch/Air  0%         N/A       100%        3
 Ozocubu's Armour         Ice            0%         N/A       100%        3
 Sigil of Binding         Hex            0%         N/A       100%        3
 Stone Arrow              Conj/Erth      0%         3d7       100%        3
 Summon Ice Beast         Ice/Summ       0%         N/A       100%        3
 Swiftness                Air            0%         N/A       100%        3
 Teleport Other           Tloc           0%         N/A       100%        3
 Tukima's Dance           Hex            0%         N/A       100%        3
 Vampiric Draining        Necr           0%         2d6       100%        3
 Volatile Blastmotes      Fire/Tloc      0%         2d10      100%        3
 Airstrike                Air            0%         2d(0-16)  100%        4
 Anguish                  Hex/Necr       0%         N/A       100%        4
 Animate Armour           Summ/Erth      0%         N/A       100%        4
 Dimensional Bullseye     Hex/Tloc       0%         N/A       100%        4
 Dispel Undead            Necr           0%         3d6       100%        4
 Flame Wave               Conj/Fire      0%         2d4       100%        4
 Fulminant Prism          Conj/Alch      0%         3d5       100%        4
 Ignite Poison            Fire/Alch      0%         N/A       100%        4
 Leda's Liquefaction      Alch/Erth      0%         N/A       100%        4
 Manifold Assault         Tloc           0%         N/A       100%        4
 Martyr's Knell           Necr/Summ      0%         N/A       100%        4
 Passage of Golubria      Tloc           0%         N/A       100%        4
 Petrify                  Alch/Erth      0%         N/A       100%        4
 Sticky Flame             Fire/Alch      0%         2d4       100%        4
 Summon Blazeheart Golem  Fire/Summ      0%         N/A       100%        4
 Summon Lightning Spire   Summ/Air       0%         N/A       100%        4
 Vhi's Electric Charge    Tloc/Air       0%         N/A       100%        4
 Alistair's Intoxication  Alch           0%         N/A       100%        5
 Arcjolt                  Conj/Air       0%         1d10      100%        5
 Borgnjor's Vile Clutch   Necr/Erth      0%         N/A       100%        5
 Freezing Cloud           Conj/Ice/Air   0%         6-21      100%        5
 Irradiate                Conj/Alch      0%         3d11      100%        5
 Lee's Rapid Deconstruct  Erth           0%         3d4*      100%        5
 Metabolic Englaciation   Hex/Ice        0%         N/A       100%        5
 Silence                  Hex/Air        0%         N/A       100%        5
 Yara's Violent Unravell  Hex/Alch       0%         3d3       100%        5
 Bombard                  Conj/Erth      0%         9d1       100%        6
 Death Channel            Necr           0%         N/A       100%        6
 Dispersal                Tloc           0%         N/A       100%        6
 Eringya's Noxious Bog    Alch           0%         4d6       100%        6
 Plasma Beam              Fire/Air       0%         2x1d10    100%        6
 Sculpt Simulacrum        Ice/Alch       0%         N/A       100%        6
 Starburst                Conj/Fire      0%         6d3       100%        6
 Enfeeble                 Hex            0%         N/A       100%        7
 Haunt                    Necr/Summ      0%         N/A       100%        7
 Malign Gateway           Summ/Tloc      0%         N/A       100%        7
 Orb of Destruction       Conj           0%         9d5       100%        7
 Spellforged Servitor     Conj/Summ      0%         N/A       100%        7
 Ignition                 Fire           0%         3d3       100%        8
 Lehudib's Crystal Spear  Conj/Erth      0%         10d2      100%        8
 Maxwell's Capacitive Co  Air            0%         ∞         100%        8
 Summon Horrible Things   Summ           0%         N/A       100%        8
 Sublimation of Blood     Necr           Unusable   N/A       N/A         2
 Borgnjor's Revivificati  Necr           Unusable   N/A       N/A         8
 Death's Door             Necr           Unusable   N/A       N/A         9

Dungeon Overview and Level Annotations

Branches:
Dungeon (15/15)            Temple (1/1) D:6            Lair (5/5) D:9
  Swamp (4/4) Lair:2       Spider (4/4) Lair:2        Slime (5/5) Lair:4
    Orc (2/2) D:11            Elf (3/3) Orc:2        Vaults (5/5) D:13
  Crypt (3/3) Vaults:3       Tomb (0/3) Crypt:3      Depths (4/4) D:15
    Zot (5/5) Depths:4     WizLab (visited)

Altars:
Ashenzari
Cheibriados
Dithmenos
Fedhas
Gozag
Hepliaklqana
Kikubaaqudgha
Makhleb
Nemelex Xobeh
Okawaru
Qazlal
Ru
Sif Muna
Trog
Uskayaw
Vehumet
Wu Jian
Xom
Yredelemnul
Lugonu

Shops:
D:9 [   D:14 (   Orc:2 [*?!(   Vaults:1 (   Vaults:5 ((

Portals:
Hell: Lair:5 Depths:1 Depths:2 Depths:3 Depths:4
Abyss: Depths:1 Depths:3
Pandemonium: Depths:2 Depths:3
Ziggurat: Depths:4

Annotations:
D:15 3 runed translucent doors, yapang's ghost, journeyman DrCj
Elf:2 3 runed translucent doors
Vaults:2 3 runed translucent doors
Depths:3 1 runed translucent door, Woajiof's ghost, veteran MiCA
Zot:5 exclusions: obsidian statue and 1 more exclusion


Innate Abilities, Weirdness & Mutations

You are immune to poison.
You have sharp fingernails.
Your flesh is cold resistant. (rC+)
You are immune to negative energy. (rN+++)
You do not regenerate when monsters are visible.
You are immune to unholy pain and torment.
You thrive by killing the living.


Message History

Your shield discharges, shocking the storm dragon!
The storm dragon completely resists.
You block the storm dragon's attack. The storm dragon tramples you!
You are shoved backwards!
You beat the storm dragon into a bloody pulp!!!
The storm dragon is almost dead.
You punch the storm dragon!
You kill the storm dragon!
Makhleb accepts your kill.
You feel better.
The storm dragon scales are intact enough to wear.
You barely miss the Orb Guardian. The Orb Guardian hits you!!
You block the Orb Guardian's attack.
You hit the Orb Guardian but do no damage.
You block the Orb Guardian's attack.
You pulverise the Orb Guardian!!!
The Orb Guardian is heavily wounded.
You block the Orb Guardian's attack.
You pummel the Orb Guardian!!
You kill the Orb Guardian!
Makhleb accepts your kill.
You feel better. You block the Orb Guardian's attack.
You feel your dexterity returning.
You closely miss the Orb Guardian. You barely miss the Orb Guardian.
You block the Orb Guardian's attack.
You pummel the Orb Guardian!!
The Orb Guardian is moderately wounded.
You squash the Orb Guardian like an ant!!!
The Orb Guardian is almost dead.
You block the Orb Guardian's attack.
Your shield discharges, shocking the Orb Guardian!
You closely miss the Orb Guardian.
The Orb Guardian is almost dead.
The Orb Guardian hits you but does no damage.
You barely miss the Orb Guardian.
The Orb Guardian is almost dead.
You completely miss the Orb Guardian.
The Orb Guardian is almost dead.
You block the Orb Guardian's attack.
You pulverise the Orb Guardian!!!
You kill the Orb Guardian!
Makhleb accepts your kill.
No target in view!
An Orb Guardian comes into view.
An Orb Guardian comes into view.
An Orb Guardian comes into view.
The Orb Guardian disappears!
An Orb Guardian comes into view.
An Orb Guardian comes into view.
Found the Orb of Zot.
The Orb Guardian disappears!
The Orb Guardian disappears!
The Orb Guardian disappears!
The Orb Guardian reappears nearby!
You block the Orb Guardian's attack.
The Orb Guardian disappears!
A red draconian comes into view.
It is wielding a +2 scimitar of flaming.
The Orb Guardian disappears!
An Orb Guardian comes into view.
Found a dagger.
The red draconian breathes fire at you. The searing blast hits you. You resist.
The Orb Guardian hits you but does no damage.
You block the Orb Guardian's attack.
Okay, then.
The Orb Guardian closely misses you.
You see here the Orb of Zot.
You punch the Orb Guardian!
The Orb Guardian is lightly wounded.
You punch the Orb Guardian!
The Orb Guardian is moderately wounded.
You block the Orb Guardian's attack.
You pummel the Orb Guardian!!
The Orb Guardian is heavily wounded.
The red draconian breathes fire at you. The searing blast misses you.
You squash the Orb Guardian like an ant!!!
You kill the Orb Guardian!
Makhleb accepts your kill.
You feel better.
You squash the red draconian like an ant!!!
The red draconian is heavily wounded.
The red draconian hits you but does no damage.
You punch the red draconian!
The red draconian is heavily wounded.
You pummel the red draconian!!
The red draconian is severely wounded.
You barely miss the red draconian.
The red draconian is severely wounded.
The red draconian hits you but does no damage.
You beat the red draconian into a bloody pulp!!!
You kill the red draconian!
Makhleb accepts your kill.
An Orb Guardian comes into view.
You feel very mighty all of a sudden.
You fade into invisibility!
Your extra speed is starting to run out.
The Orb Guardian hits you.
You completely miss the Orb Guardian.
The Orb Guardian hits you but does no damage.
You squash the Orb Guardian like an ant!!!
The Orb Guardian is heavily wounded.
You pummel the Orb Guardian!!
The Orb Guardian is almost dead.
The Orb Guardian hits you but does no damage.
You barely miss the Orb Guardian.
The Orb Guardian is almost dead.
You pulverise the Orb Guardian!!!!
You kill the Orb Guardian!
Makhleb accepts your kill.
You feel better.
The Orb Guardian hits you but does no damage.
An Orb Guardian comes into view.
The Orb Guardian hits you!! The Orb Guardian hits you.
You see here the Orb of Zot.
You pick up the Orb of Zot!
The Orb lets out an ear-shattering shriek!
The lords of Pandemonium are not amused.
Beware!
Now all you have to do is get back out of the dungeon!
You hear a shout! x3
The Orb Guardian hits you! You block the Orb Guardian's attack.
The Orb Guardian attacks as it pursues you!
The Orb Guardian closely misses you.
A reaper comes into view. It is wielding a +1 heavy scythe.
You feel yourself slow down.
The Orb Guardian attacks as it pursues you!
The Orb Guardian completely misses you. You block the Orb Guardian's attack.
You block the Orb Guardian's attack. You block the reaper's attack.
The air sparks with electricity, shocking the reaper!
You enter a permanent teleport trap!
Your surroundings suddenly seem different.
An Orb Guardian and an obsidian statue come into view.
Found a potion of degeneration and a scroll of enchant weapon.
The obsidian statue's eyes glow briefly.
The obsidian statue attempts to bespell you!
You resist with almost no effort.
Marking area around an obsidian statue as unsafe for travelling.
Unknown command.
The obsidian statue slips into the dungeon's darkness for a moment.
A reaper comes into view. It is wielding a +0 vampiric scythe.
Blink to where?
Press: ? - help, Dir - move target You enter a permanent teleport trap!
Your surroundings seem slightly different.
As you read the scroll of blinking, it crumbles to dust.
The reaper moves out of view.
Blink to where?
Press: ? - help, Dir - move target You enter a permanent teleport trap!
Your surroundings suddenly seem different.
As you read the scroll of blinking, it crumbles to dust.
Magic restored.
There is a stone staircase leading up here.
You fly upwards.
There is a stone staircase leading down here.
HP restored.
You flicker for a moment.
There is a stone staircase leading up here.
You flicker back into view.
You fly upwards.
You feel a little less mighty now.
There is a stone staircase leading down here.
HP restored.
There is an open door here.
A Brimstone Fiend comes into view.
As you read the scroll of fog, it dissolves into smoke.
The Brimstone Fiend moves out of view.
You feel yourself speed up.
An Orb Guardian comes into view.
The Brimstone Fiend gestures at you.
The sphere of damnation explodes!
The damnation engulfs you!!
There is a stone staircase leading up here.
You fly upwards.
There is a stone staircase leading down here.
There is a stone staircase leading up, spattered with blood here.
Things that are here:
a +1 battleaxe of electrocution; a yellow draconian skeleton You fly upwards.
There is a stone staircase leading down here.
What level of the Dungeon? (default 15, ? - help) Magic restored.
HP restored.
A large abomination comes into view.
There is a gate leading back out of this place here.
You fly up through the gate.
Welcome back to the Depths!
There is a gate to the Realm of Zot here.
What level of the Dungeon? (default 1, ? - help)
Your extra speed is starting to run out.
There is an open door here.
There is an open door here.
You feel yourself slow down.
Items here: ( ) [[ ÷.
There is an open door, spattered with blood here.
You see here a tengu skeleton.
There is an open door here.
HP restored.
There is a stone staircase leading up here.
You fly upwards.
Level annotation: 1 runed translucent door, Woajiof's ghost, veteran MiCA
There is a stone staircase leading down here.
Items here: ) [ ÷÷.
You see here a very ugly thing skeleton.
There is a stone staircase leading up, spattered with blood here.
You fly upwards.
There is a stone staircase leading down here.
There is a stone staircase leading up here.
You fly upwards.
There is a stone staircase leading down here.
Things that are here:
a +2 buckler; a +0 robe; a +4 rapier of venom
Things that are here:
+0 fire dragon scales; a +0 robe; a fire dragon skeleton A rakshasa comes into view.
It is wielding a +5 long sword.
Unknown command.
Unknown command.
There is a staircase back to the Dungeon here.
You fly upwards.
Welcome back to the Dungeon!
Level annotation: 3 runed translucent doors, yapang's ghost, journeyman DrCj
There is a staircase to the Depths here.
What level of the Dungeon? (default 1, ? - help)
A hellion comes into view.
The hellion gestures at you.
The sphere of damnation explodes!
The damnation engulfs you!! The hellion gestures at you.
The sphere of damnation explodes!
The damnation engulfs you!!
The damnation engulfs the hellion.
The hellion completely resists.
The hellion hits you but does no damage.
You pummel the hellion!!
The hellion is severely wounded.
You pummel the hellion!!
You kill the hellion!
Makhleb accepts your kill.
You feel better.
No target in view!
What level of the Dungeon? (default 1, ? - help) Magic restored.
HP restored.
You see here a +0 hand axe.
A neqoxec comes into view.
You throw a boomerang. The boomerang hits the neqoxec!!
The neqoxec is almost dead.
You throw a boomerang. The boomerang hits the neqoxec.
The neqoxec is almost dead.
You throw a boomerang. The boomerang hits the neqoxec!!
You kill the neqoxec!
Makhleb accepts your kill.
What level of the Dungeon? (default 1, ? - help)
You see here 3 large rocks.
Things that are here:
156 stones; a +0 tower shield; a +0 trident of protection
Items here: )) [[ ÷.
There is a stone staircase leading up here.
You fly upwards.
There is a stone staircase leading down here.
You see here a hydra skeleton.
There is a stone staircase leading up here.
You fly upwards.
There is a stone staircase leading down here.
A chaos spawn comes into view.
The chaos spawn howls!
The chaos spawn barely misses you.
You barely miss the chaos spawn. You pummel the chaos spawn!!
The chaos spawn is severely wounded.
The chaos spawn punches you but does no damage.
You pummel the chaos spawn like a punching bag!!!
You kill the chaos spawn!
Makhleb accepts your kill.
The chaos spawn degenerates into a cloud of primal chaos!
What level of the Dungeon? (default 1, ? - help)
There is a stone staircase leading up here.
You fly upwards.
There is a stone staircase leading down here.
There is a stone staircase leading up here.
You fly upwards.
There is a stone staircase leading down here.
A daeva comes into view.
It is wielding a +2 eudemon blade of holy wrath.
The daeva shouts!
As you read the scroll of teleportation, it crumbles to dust.
You feel strangely unstable.
You feel the Orb delaying your translocation!
The daeva calls down the wrath of the Shining One upon you.
The Shining One smites you!
Things that are here:
a +0 chain mail; a +0 dagger The daeva calls down the wrath of the Shining One upon you.
The Shining One smites you!
The daeva calls down the wrath of the Shining One upon you.
The Shining One smites you!
Things that are here:
a +0 chain mail; a +0 mace
Things that are here:
a +0 chain mail; a +0 dagger Your surroundings suddenly seem different.
Unknown command.
A Brimstone Fiend comes into view.
The Brimstone Fiend gestures at you.
The sphere of damnation explodes!
The damnation engulfs you!!
The damnation engulfs the Brimstone Fiend.
The Brimstone Fiend completely resists.
You feel yourself speed up.
The Brimstone Fiend hits you but does no damage. x2
The Brimstone Fiend hits you.
As you read the scroll of fog, it dissolves into smoke.
There is a stone staircase leading up here.
You feel better.
You feel better.
You fly upwards.
There is a stone staircase leading down here.
What level of the Dungeon? (default 1, ? - help)
There is a stone staircase leading up here.
You fly upwards.
Magic restored.
There is a stone staircase leading down here.
There is a stone staircase leading up here.
You fly upwards.
There is a stone staircase leading down here.
Things that are here:
a +0 leather armour; a +0 whip; an orc skeleton
Things that are here:
a +0 robe; a +0 dagger; an orc skeleton You see here a +0 club.
Your extra speed is starting to run out.
HP restored.
Items here: )) ÷÷.
There is a stone staircase leading up here.
You fly upwards.
You feel yourself slow down.
There is a stone staircase leading down here.
You see here a +0 club.
Things that are here:
a +0 robe; a +1 battleaxe
There is a stone staircase leading up here.
You fly upwards.
There is a stone staircase leading down here.
HP restored.
You see here a hound skeleton.
A Hell Sentinel comes into view.
The Hell Sentinel roars!
The Hell Sentinel gestures at you.
The sphere of damnation explodes!
The damnation engulfs you!!!
Okay, then.
The Hell Sentinel gestures at you.
The sphere of damnation explodes!
The damnation engulfs you!! The Hell Sentinel gestures at you.
The sphere of damnation explodes!
The damnation engulfs you!!!
You feel much better. The Hell Sentinel gestures at you.
The sphere of damnation explodes!
The damnation engulfs you!!!
You feel yourself speed up.
You feel much better.
You feel better. The Hell Sentinel gestures at you. The iron shot hits you!
Blink to where?
Press: ? - help, Dir - move target
As you read the scroll of blinking, it crumbles to dust.
You see here a water moccasin skeleton.
There is a stone staircase leading up here.
You fly upwards.
There is a stone staircase leading down here.
What level of the Dungeon? (default 1, ? - help)
A demonspawn blood saint and a blizzard demon come into view.
The blizzard demon shouts!
You block the blizzard demon's attack. x2
There is a stone staircase leading up here.
The demonspawn blood saint conjures a destructive force in the name of Makhleb!
The mass of ice explodes!
The iceblast engulfs you!! You partially resist.
The mass of ice explodes!
The iceblast engulfs you! You partially resist.
The blizzard demon waves its arms in wide circles.
The air twists around and strikes you.
You fly upwards.
There is a stone staircase leading down here.
You are confused.
You feel invigorated.
You feel much better.
You feel less invigorated.
You feel less confused.
What level of the Dungeon? (default 1, ? - help)
Things that are here:
a +0 robe; a +1 war axe
Items here: )) ÷÷.
There is a stone staircase leading up here.
You fly upwards.
Your extra speed is starting to run out.
There is a stone staircase leading down here.
You feel yourself slow down.
There is an open door here.
A demonspawn black sun comes into view.
It is wielding a +1 demon blade of venom.
There is an open door here.
The demonspawn black sun calls down the wrath of Kikubaaqudgha upon you.
You convulse!
There is an open door here.
You reach down and close the door.
A demonspawn black sun breaks down the door.
There is a stone staircase leading up here.
The demonspawn black sun utters an invocation to Kikubaaqudgha.
The demonspawn black sun begins absorbing vital energies!
You fly upwards.
There is a stone staircase leading down here.
What level of the Dungeon? (default 1, ? - help) Magic restored.
You see here a +0 ring mail.
You see here a +0 scale mail.
There is a stone staircase leading up here.
You fly upwards.
An Orb Guardian comes into view.
There is a stone staircase leading down here.
You block the Orb Guardian's attack.
You punch the Orb Guardian!
The Orb Guardian is lightly wounded.
You block the Orb Guardian's attack.
You pound the Orb Guardian into fine dust!!!
The Orb Guardian is severely wounded.
You block the Orb Guardian's attack.
You pummel the Orb Guardian!!
You kill the Orb Guardian!
Makhleb accepts your kill.
You feel better.
You feel your dexterity returning.
A demonspawn black sun, a soul eater and a demonspawn warmonger come into view.
The demonspawn black sun is wielding a +2 demon blade of pain.
The demonspawn warmonger is wielding a +1 glaive of protection and wearing a +1 plate armour of cold resistance.
The demonspawn warmonger shouts!
As you read the scroll of teleportation, it crumbles to dust.
You feel strangely unstable.
You feel the Orb delaying your translocation!
You block the soul eater's attack.
Your shield discharges, shocking the soul eater!
The demonspawn warmonger hits you but does no damage.
The soul eater attacks as it pursues you!
The soul eater barely misses you.
The demonspawn warmonger calls upon its god to speed up the demonspawn black sun.
The demonspawn black sun seems to speed up.
The demonspawn black sun prays to Kikubaaqudgha.
The demonspawn black sun begins absorbing vital energies!
The soul eater begins absorbing vital energies!
The demonspawn warmonger begins absorbing vital energies!
The soul eater attacks as it pursues you!
You block the soul eater's attack.
Your shield discharges, shocking the soul eater!
You block the demonspawn warmonger's attack.
Your shield discharges, shocking the demonspawn warmonger!
The soul eater attacks as it pursues you!
The soul eater hits you but does no damage.
The soul eater attacks as it pursues you!
The soul eater hits you but does no damage.
An Orb Guardian comes into view.
Your surroundings suddenly seem different.
The Orb Guardian moves out of view.
You see here a frilled lizard skeleton. 2 hell hounds come into view.
The hell hound barks!
The hell hound moves out of view.
The hell hound breathes flames at you. The blast of flame hits you. You resist.
The hell hound breathes flames at you.
The blast of flame hits you but does no damage.
You resist. The hell hound breathes flames at you.
The blast of flame misses the hell hound.
The blast of flame hits you but does no damage.
The hell hound breathes flames at you.
The blast of flame hits you but does no damage.
A demon appears!
You pummel the hell hound!!
You kill the hell hound!
Makhleb accepts your kill.
You feel better.
A hell hound comes into view.
You pummel the hell hound like a punching bag!!!
You kill the hell hound!
Makhleb accepts your kill.
A demon appears!
A demon appears!
The hell hound misses your balrug.
A demon appears!
Your balrug hits the hell hound with a +2 demon whip of venom!!
The hell hound is engulfed in flames.
The hell hound completely resists.
The hell hound barely misses your balrug.
Your balrug hits the hell hound with a +2 demon whip of venom!!
The hell hound dies!
Makhleb accepts your kill.
A demon appears!
A demon appears!
Your cacodemon gestures next to you.
Some rock shatters into small pieces.
A demon appears!
A demon appears!
A demon appears!
You swap places.
Your cacodemon gestures next to you.
Some rock shatters into small pieces.
You swap places.
There is a staircase leading out of the dungeon here.
A demon appears!
A demon appears!
A demon appears!
You feel much better.
You feel better.
You feel better.
A demon appears!
You can no longer summon a greater servant of Makhleb.
You have escaped!

#..# ##.......###.## #..#.#.#.
#..## #............# #..#.#.#.
#...# ###...†#.....#.####..#.#...
##..# #.......#...##...##..#.####
#..###........#.###....##.#.)...
#..#...÷.###.211##.###.##.#.####
#..)..#...###222#2###..##.#÷#...
#....#.....###222###......#.#.#.
##...#.#......2@2......##.#.#.#.
###...#.#...###.2...#...##.#...#.
......#.#..###.#.#..##..##.#####.
.###..#.#.###.##.##.###..........
## ##.#.#....###.###..).#..#####.
# ##.#.##...##...##.......#...#.
####.....#...#.....#....##.#.#.#.
...........................#.#.#.
####.....##.....#######..#.#.#...


You could see 4 friendly cacodemons, 2 friendly balrugs, 4 friendly green
deaths, 2 friendly Executioners and a friendly blizzard demon (summoned).

Vanquished Creatures
  the Royal Jelly (Slime:5)
  2 dread liches
  5 orbs of fire
  4 ancient liches
  A juggernaut (Depths:3)
  A Killer Klown (Zot:5)
  Margery (Crypt:3)
  Nikola (Elf:1)
  A bone dragon (Abyss:3)
  10 golden dragons
  Jorgrun (D:12)
  2 electric golems (Zot:5)
  A hellephant (Crypt:3)
  Zenata (Elf:1)
  10 tentacled monstrosities
  17 Orb Guardians
  5 liches
  A walking earthen tome (Depths:3)
  5 titans
  4 deep elf blademasters (Elf:3)
  10 death cobs
  2 deep elf master archers (Elf:3)
  5 sphinxes
  12 acid blobs
  5 quicksilver dragons
  4 ancient champions
  Roxanne (Elf:3)
  4 tentacled starspawn
  Agnes (Spider:1)
  Kirke (Elf:1)
  10 storm dragons
  A thorn hunter (Swamp:2)
  3 tengu reavers
  Aizul (Vaults:1)
  9 shadow dragons
  4 protean progenitors
  4 fire giants
  7 rockslimes
  3 draconian knights
  2 balrugs (Crypt:3)
  8 draconian monks
  A revenant (Crypt:2)
  Louise (D:15)
  12 draconian shifters
  4 deep elf sorcerers
  An iron dragon (Vaults:5)
  The ghost of Tanach the Metamorph, an adept OpSh of Gozag (Elf:1)
  11 azure jellies
  21 vault wardens
  5 ghost moths
  10 frost giants
  An emperor scorpion (Spider:4)
  The ghost of Guenter the Severer, a journeyman FoFi of Okawaru (Spider:3)
  12 ghouls
  3 spectral caustic shrikes (Depths:2)
  A curse skull (Crypt:3)
  A cacodemon (Vaults:2)
  The ghost of Superstore the Warrior, a journeyman DjFE of Makhleb (Lair:5)
  3 draconian stormcallers
  A caustic shrike zombie (Crypt:3)
  4 deep elf elementalists (Elf:3)
  6 draconian scorchers
  18 ironbound preservers
  3 draconian annihilators
  7 quicksilver oozes
  A reaper (Depths:3)
  The ghost of Wyaw the Reanimator, a journeyman AtNe of Okawaru (D:14)
  9 stone giants
  3 broodmothers
  5 formless jellyfish
  5 spriggan defenders
  9 ironbound thunderhulks
  An ophan (Abyss:1)
  29 very ugly things
  5 deep elf death magi
  12 vampire knights
  11 green draconians
  4 eleionomae (Swamp:3)
  9 dire elephants
  3 deep elf demonologists
  10 yellow draconians
  14 white draconians
  14 black draconians
  8 deep elf annihilators
  7 purple draconians
  2 spark wasps
  3 bunyips
  6 war gargoyles
  10 red draconians
  The ghost of ooops the Martial Artist, a journeyman DsSh of Qazlal (D:13)
  2 green deaths (Swamp:4)
  5 eidola
  13 ettins
  The ghost of jongho1212 the Spry, a journeyman MfGl (Lair:1)
  A crystal guardian (Vaults:4)
  2 entropy weavers
  2 shambling mangroves (Swamp:4)
  11 fire dragons
  7 deep elf high priests
  An entropy weaver (shapeshifter) (Depths:2)
  14 yaktaur captains
  15 great orbs of eyes
  2 hell beasts
  7 rakshasas
  7 centaur warriors
  2 peacekeepers (Vaults:4)
  2 sphinx zombies
  7 jiangshi
  5 ice dragons
  2 jorogumos
  3 spriggan zombies
  3 catoblepae
  9 ogre magi
  9 ironbound frosthearts
  21 hydras
  2 ghost crabs
  2 spriggan skeletons (Crypt:3)
  28 vault guards
  10 alligators
  2 satyrs (Zot:1)
  8 boulder beetles
  3 radroaches
  4 spriggan air magi
  18 dancing weapons
  A two-headed ogre (shapeshifter) (Vaults:5)
  16 two-headed ogres
  8 vampire magi
  7 deep troll shamans
  5 death knights
  6 deep troll earth magi
  6 tengu warriors
  10 demonic crawlers
  2 thrashing horrors (Abyss:3)
  5 death yaks
  3 shock serpents
  11 deep elf knights
  An occultist (Vaults:3)
  A hell hog (Abyss:1)
  3 soul eaters
  9 hell knights
  7 spriggan berserkers
  Nergalle (D:9)
  8 goliath frogs
  2 fire crabs
  A sun demon (Lair:5)
  A bunyip zombie (Crypt:3)
  3 pharaoh ants
  8 iron trolls
  2 wretched stars (Abyss:3)
  2 shadow wraiths
  4 skysharks
  19 skeletal warriors
  A sea snake (shapeshifter) (Vaults:5)
  3 sixfirhies
  5 spatial maelstroms (Abyss:3)
  14 flayed ghosts
  5 orb spiders
  An orb spider (shapeshifter) (Vaults:5)
  4 spriggan druids
  51 deep trolls
  9 swamp dragons
  6 arcanists
  10 large abominations
  13 bog bodies
  5 steelbarb worms
  A bunyip skeleton (Crypt:3)
  20 starcursed masses
  A mana viper (shapeshifter) (Vaults:5)
  18 ironbound convokers
  An orange crystal statue (Depths:1)
  24 phantasmal warriors
  2 harpies (shapeshifter)
  9 orc knights
  13 deep elf archers
  7 necromancers
  5 glowing orange brains
  4 lightning spires (Vaults:3)
  A spectral boulder beetle (Lair:1)
  18 wolf spiders
  8 harpies (Vaults:1)
  19 deep elf pyromancers
  21 ugly things
  11 lindwurms
  6 shining eyes
  The ghost of cowcow the Conjurer, a novice DsCj (D:5)
  A cyclops (shapeshifter) (D:14)
  12 deep elf zephyrmancers
  5 manticores
  5 will-o-the-wisps
  2 worldbinders
  An elephant (shapeshifter) (Vaults:5)
  9 cyclopes
  A shining eye (shapeshifter) (Depths:3)
  5 meliai
  A centaur zombie (D:15)
  12 moths of wrath
  A draconian skeleton (Crypt:2)
  5 black mambas
  8 orange demons
  A kobold blastminer (Orc:1)
  2 eyes of devastation
  2 stone giant skeletons
  3 smoke demons
  16 elephants
  A rust devil (Abyss:3)
  14 cane toads
  9 gargoyles
  A titan simulacrum (Depths:2)
  13 vault sentinels
  12 freezing wraiths
  8 rime drakes
  A cane toad (shapeshifter) (Depths:2)
  A torpor snail (Spider:3)
  A hellion (D:15)
  35 yaktaurs
  10 komodo dragons
  A rime drake (shapeshifter) (D:15)
  2 yaktaurs (shapeshifter)
  A death yak skeleton (Crypt:2)
  2 ice devils (Lair:5)
  A minotaur zombie (Crypt:1)
  A black draconian skeleton (Crypt:1)
  3 harpy zombies
  A white draconian skeleton (Crypt:2)
  4 tengu conjurers
  5 ancient zymes
  A merfolk (shapeshifter) (Vaults:3)
  4 polar bears
  17 hornets
  11 trolls
  2 bloated husks
  6 tyrant leeches
  A wolf spider simulacrum (D:15)
  A satyr zombie (Crypt:1)
  17 tarantellas
  13 blink frogs
  A glass eye (Slime:2)
  7 raiju
  A harpy skeleton (D:15)
  A glass eye (shapeshifter) (Vaults:5)
  18 shadows
  11 jumping spiders
  A meliai zombie (Crypt:2)
  A centaur simulacrum (D:14)
  117 slime creatures
  5 air elementals
  A ynoxinul (Abyss:3)
  12 culicivoras
  An ettin skeleton (Depths:2)
  31 yaks
  17 spriggans
  6 basilisks
  6 wraiths
  2 fire elementals (Elf:2)
  7 water elementals
  4 humans (D:13)
  3 wyverns
  7 vampires
  2 death yak simulacra (Lair:1)
  4 hogs (Elf:1)
  40 redbacks
  3 steam dragons
  8 vampire mosquitoes
  3 neqoxecs
  2 chaos spawn
  Edmund (D:4)
  2 spatial vortices (Abyss:3)
  A deep troll zombie (Crypt:1)
  12 swamp worms
  An acid dragon (D:12)
  2 demonspawn skeletons (Crypt:2)
  A hydra simulacrum (Lair:1)
  15 water moccasins
  6 hell hounds
  4 swamp drakes
  A warg (shapeshifter) (Vaults:5)
  2 sky beasts
  18 orc warriors
  A boulder beetle simulacrum (Lair:1)
  An ice beast (Abyss:3)
  15 laughing skulls
  A crocodile (shapeshifter) (D:12)
  4 small abominations
  27 ogres
  A swamp dragon zombie (Crypt:1)
  A dream sheep skeleton (Crypt:2)
  4 boggarts
  13 centaurs
  15 wolves
  4 phantoms
  A weeping skull (Abyss:3)
  6 necrophages
  A brain worm (shapeshifter) (Depths:2)
  Blork the orc (D:5)
  2 brain worms (Abyss:3)
  9 bullfrogs
  4 gnoll sergeants
  2 kobold brigands
  2 earth elementals (Elf:2)
  An elf skeleton (Crypt:1)
  7 scorpions
  10 wights
  A water moccasin skeleton (Crypt:1)
  A dream sheep simulacrum (Lair:1)
  6 killer bees (D:9)
  6 howler monkeys
  7 electric eels
  2 bombardier beetles (D:5)
  A quasit (Abyss:2)
  6 jellies
  19 orc priests
  A bullfrog skeleton (Crypt:2)
  2 gnoll boudas (D:5)
  4 hounds
  17 orc wizards
  Ijyb (D:5)
  3 iguanas
  A brain worm zombie (Crypt:2)
  An ice beast zombie (Crypt:2)
  7 adders
  26 gnolls
  3 shadow imps (D:6)
  4 white imps
  3 ufetubi
  A jelly zombie (Crypt:1)
  2 dart slugs (D:1)
  4 ribbon worms
  65 orcs
  11 ball pythons
  8 endoplasms
  A giant cockroach (D:1)
  3 hobgoblins
  15 kobolds
  7 quokkas
  3 training dummies (D:14)
  3 bats
  A dart slug zombie (Crypt:1)
  8 frilled lizards
  6 goblins
  A jackal zombie (Crypt:2)
  A quokka skeleton (Crypt:1)
  10 rats
  An aspiring flesh (Zot:5)
  A starspawn tentacle (Abyss:3)
2268 creatures vanquished.

Vanquished Creatures (collateral kills)
  An ancient lich (Vaults:3)
  Mlioglotl (Lair:2)
  A vault warden (Vaults:2)
  2 emperor scorpions (Spider:4)
  A broodmother (Spider:4)
  An ironbound thunderhulk (Vaults:3)
  A dire elephant (Vaults:2)
  A spark wasp (Spider:4)
  A centaur warrior (D:14)
  An ironbound frostheart (Vaults:2)
  A death yak (Lair:5)
  A deep troll (Vaults:2)
  2 lindwurms (Vaults:1)
  An ironbound convoker (Vaults:2)
  An orb spider (Spider:4)
  A wolf spider (Spider:4)
  An ugly thing (Vaults:1)
  A vault sentinel (Vaults:2)
  8 yaktaurs (Vaults:2)
  A jumping spider (Spider:4)
  5 redbacks (Spider:4)
  A hell hound (D:1)
35 creatures vanquished.

Vanquished Creatures (others)
  A draconian scorcher (Zot:4)
  2 ironbound thunderhulks
  A yellow draconian (Zot:4)
  A deep elf zephyrmancer (Elf:2)
  3 bloated husks
  A swamp worm (Swamp:2)
  A howler monkey (D:10)
  A crimson imp (Abyss:3)
  An orc (Elf:2)
  30 foxfires
  7 starspawn tentacles
49 creatures vanquished.

Grand Total: 2352 creatures vanquished

Notes
Turn   | Place    | Note
-------+----------+-------------------------------------------
     0 | D:1      | jagoly the Ghoul Fighter began the quest for the Orb.
     0 | D:1      | Reached XP level 1. HP: 19/19 MP: 1/1
   125 | D:1      | Reached XP level 2. HP: 26/26 MP: 2/2
   491 | D:1      | Reached XP level 3. HP: 31/31 MP: 3/3
   576 | D:1      | Found a faded altar of an unknown god.
  1110 | D:2      | Reached skill level 1 in Dodging
  1256 | D:2      | Reached XP level 4. HP: 40/40 MP: 4/4
  2138 | D:3      | Reached XP level 5. HP: 45/46 MP: 5/5
  2379 | D:3      | Found a hazy altar of Hepliaklqana.
  2758 | D:4      | Reached XP level 6. HP: 42/52 MP: 6/6
  3170 | D:4      | Noticed Edmund
  3469 | D:3      | Reached skill level 5 in Unarmed Combat
  3469 | D:3      | Reached XP level 7. HP: 54/60 MP: 7/7
  3709 | D:5      | Entered Level 5 of the Dungeon
  4072 | D:5      | Noticed Ijyb
  4106 | D:5      | Killed Ijyb
  4155 | D:5      | Reached skill level 5 in Fighting
  4252 | D:5      | Found a basalt altar of Yredelemnul.
  4329 | D:5      | Noticed Blork the orc
  4470 | D:5      | Found a transporter.
  4527 | D:5      | Found a radiant altar of Vehumet.
  4528 | D:5      | Found an opulent altar of Gozag.
  4632 | D:5      | Reached XP level 8. HP: 67/69 MP: 8/8
  4692 | D:5      | Identified the ring of the Vendetta {Wiz +Blink rF+++ Will-
                  | Dex-5}
  4693 | D:5      | Found a transporter.
  4792 | D:4      | Killed Edmund
  5271 | D:5      | Killed Blork the orc
  5416 | D:5      | Found a sparkling altar of Nemelex Xobeh.
  5471 | D:5      | Identified the +3 buckler "Vocaotwe" {Dex+6}
  5739 | D:5      | Found a snail-covered altar of Cheibriados.
  6533 | D:5      | Reached skill level 5 in Shields
  6533 | D:5      | Reached XP level 9. HP: 59/75 MP: 9/9
  7039 | D:6      | Found a staircase to the Ecumenical Temple.
  7062 | Temple   | Entered the Ecumenical Temple
  7090 | Temple   | Became a worshipper of Makhleb the Destroyer
  7617 | D:6      | Found an iron altar of Okawaru.
  7911 | D:7      | Reached skill level 10 in Unarmed Combat
  8419 | D:7      | Reached skill level 5 in Armour
  8835 | D:7      | Found a bloodstained altar of Trog.
  9269 | D:7      | Reached * piety under Makhleb
  9308 | D:8      | Reached XP level 10. HP: 86/86 MP: 10/10
  9469 | D:8      | Found a hide-covered altar of Uskayaw.
  9654 | D:8      | Found a stormy altar of Qazlal.
  9664 | D:8      | Identified the +5 robe of the End {rElec rCorr Int+2
                  | Stlth+}
  9935 | D:8      | Reached skill level 1 in Throwing
 10204 | D:9      | Noticed a death yak
 10355 | D:9      | Found a shadowy altar of Dithmenos.
 10488 | D:9      | Identified the +6 dagger "Vuposejuo" {freeze, Dex+4}
 10498 | D:9      | Noticed a two-headed ogre
 10533 | D:9      | Killed a two-headed ogre
 10596 | D:9      | Reached ** piety under Makhleb
 10844 | D:9      | Found a staircase to the Lair.
 10884 | D:9      | Found a shimmering altar of Xom.
 10928 | D:10     | Entered Level 10 of the Dungeon
 11201 | D:10     | Noticed a two-headed ogre
 11244 | D:10     | Killed a two-headed ogre
 11245 | D:10     | Reached XP level 11. HP: 97/97 MP: 11/11
 11412 | D:10     | Noticed a two-headed ogre
 11439 | D:10     | Killed a two-headed ogre
 11440 | D:10     | Reached skill level 1 in Invocations
 12159 | D:11     | Noticed a manticore
 12269 | D:11     | Noticed a purple ugly thing
 12278 | D:11     | Killed a purple ugly thing
 12369 | D:11     | Noticed a boulder beetle
 12387 | D:11     | Killed a boulder beetle
 12717 | D:11     | Reached *** piety under Makhleb
 12750 | D:11     | Killed a manticore
 12899 | D:11     | Found a staircase to the Orcish Mines.
 12964 | D:11     | Reached skill level 5 in Dodging
 13333 | D:9      | Noticed a death yak
 13333 | D:9      | Noticed a death yak
 13357 | D:9      | Killed a death yak
 13480 | D:10     | Killed a death yak
 13655 | D:9      | Killed a death yak
 13745 | D:9      | Found Qigic's Armour Emporium.
 13912 | D:9      | Bought the +5 Storm Queen's Shield {shock, Fly rElec} for
                  | 501 gold pieces
 13912 | D:9      | Found the +5 Storm Queen's Shield {shock, Fly rElec}
 13987 | Lair:1   | Entered Level 1 of the Lair of Beasts
 13993 | Lair:1   | Noticed Nergalle
 14072 | D:9      | Killed Nergalle
 14073 | D:9      | Reached skill level 10 in Fighting
 14181 | Lair:1   | Reached XP level 12. HP: 76/106 MP: 15/15
 14309 | Lair:1   | Reached skill level 5 in Invocations
 15193 | Lair:1   | Found a runed translucent gate.
 15194 | Lair:1   | Found a runed translucent gate.
 15195 | Lair:1   | Found a runed translucent gate.
 15204 | Lair:1   | Noticed jongho1212's ghost (journeyman MfGl)
 15528 | Lair:2   | Found a staircase to the Swamp.
 15989 | Lair:2   | Reached **** piety under Makhleb
 16064 | Lair:2   | Found a hole to the Spider Nest.
 16155 | Lair:2   | Reached XP level 13. HP: 102/116 MP: 16/16
 17337 | Lair:3   | Found a sparkling altar of Nemelex Xobeh.
 18115 | Lair:4   | Reached ***** piety under Makhleb
 18305 | Lair:4   | You are sucked into a shaft and drop 1 floor!
 18305 | Lair:5   | Entered Level 5 of the Lair of Beasts
 18318 | Lair:5   | Reached skill level 10 in Shields
 18705 | Lair:5   | Reached XP level 14. HP: 104/126 MP: 17/17
 18782 | Lair:5   | Found a runed translucent door.
 19138 | Lair:4   | Found a staircase to the Slime Pits.
 20461 | Lair:5   | Noticed Superstore's ghost (journeyman DjFE)
 20461 | Lair:5   | Identified the +0 spear of Gallantry {drain, rC- Str+2
                  | Int+4}
 20559 | Lair:5   | Noticed a dire elephant
 20574 | Lair:5   | Killed a dire elephant
 20843 | Lair:5   | Found a burning altar of Makhleb.
 20876 | Lair:5   | Reached skill level 10 in Armour
 20916 | Lair:5   | Reached skill level 15 in Unarmed Combat
 21124 | Lair:5   | Found a gateway to Hell.
 21260 | Lair:5   | Killed Superstore's ghost
 21748 | D:5      | Noticed cowcow's ghost (novice DsCj)
 21753 | D:5      | Killed cowcow's ghost
 22091 | D:12     | Noticed Jorgrun
 22092 | D:12     | Reached ****** piety under Makhleb
 22116 | D:12     | Killed Jorgrun
 22260 | D:12     | Reached skill level 1 in Evocations
 22774 | D:12     | Reached XP level 15. HP: 135/135 MP: 18/20
 23242 | D:12     | Reached skill level 5 in Throwing
 23709 | D:12     | Identified the ring of Kyj Hemm {rPois rC- Will+++ rCorr
                  | Stlth+}
 23822 | Orc:1    | Entered Level 1 of the Orcish Mines
 23882 | Orc:1    | Found a bloodstained altar of Trog.
 24073 | Orc:2    | Entered Level 2 of the Orcish Mines
 24457 | Orc:2    | Found Biaperae's Antique Armour Boutique.
 24460 | Orc:2    | Found a staircase to the Elven Halls.
 24512 | Orc:2    | Reached skill level 10 in Invocations
 24586 | Orc:2    | Found Fiwuh's Assorted Antiques.
 24588 | Orc:2    | Found Qiffiegh's Distillery.
 24593 | Orc:2    | Found Gukeiloa's Antique Weapon Boutique.
 24593 | Orc:2    | Found Anoun Syrgh's Magic Scroll Boutique.
 25235 | Orc:1    | Found Weudyug's Overcharged Wands.
 25653 | Orc:2    | Bought a scroll of revelation for 97 gold pieces
 25664 | Orc:2    | Bought a potion of cancellation for 112 gold pieces
 25664 | Orc:2    | Bought a potion of magic for 112 gold pieces
 25687 | Orc:2    | Bought a scroll of blinking for 97 gold pieces
 25687 | Orc:2    | Bought a scroll of poison for 52 gold pieces
 25698 | Orc:2    | Bought a potion of curing for 42 gold pieces
 25698 | Orc:2    | Bought a potion of invisibility for 112 gold pieces
 25698 | Orc:2    | Bought a potion of curing for 42 gold pieces
 25703 | Orc:2    | Bought a potion of might for 120 gold pieces
 25703 | Orc:2    | Bought a ruby potion for 27 gold pieces
 25806 | D:9      | Bought a +2 chain mail of fire resistance for 236 gold
                  | pieces
 26140 | D:13     | Noticed ooops's ghost (journeyman DsSh)
 26191 | D:13     | Reached XP level 16. HP: 117/143 MP: 18/24
 26262 | D:13     | Found a runed translucent door.
 26313 | D:13     | Found a gate to the Vaults.
 26845 | D:13     | Killed ooops's ghost
 27062 | D:14     | Found a radiant altar of Vehumet.
 27495 | D:14     | Identified the ring of Memap {rC- Will+ MP+9 Str+3 Dex+6}
 27616 | D:14     | Found a shadowy altar of Dithmenos.
 27893 | D:14     | Found a runed translucent gate.
 27894 | D:14     | Found a runed translucent gate.
 27894 | D:14     | Found a runed translucent gate.
 27895 | D:14     | Found an opulent altar of Gozag.
 27901 | D:14     | Noticed Wyaw's ghost (journeyman AtNe)
 27979 | D:14     | Found Febobeidd's Firing Range.
 28759 | D:14     | Found Agetul's Assorted Antiques.
 28899 | D:14     | Killed Wyaw's ghost
 29035 | D:15     | Entered Level 15 of the Dungeon
 29150 | D:15     | Noticed Louise
 29173 | D:15     | Killed Louise
 29341 | D:15     | Found a runed translucent gate.
 29341 | D:15     | Found a runed translucent gate.
 29342 | D:15     | Found a runed translucent gate.
 29342 | D:15     | Noticed yapang's ghost (journeyman DrCj)
 30038 | D:15     | Reached XP level 17. HP: 152/152 MP: 27/27
 30052 | D:15     | Found a staircase to the Depths.
 30174 | D:15     | Found an iron altar of Okawaru.
 30240 | D:12     | Noticed a sphinx
 30252 | D:12     | Killed a sphinx
 30366 | D:9      | Bought a +0 helmet for 49 gold pieces
 30560 | Lair:1   | Killed jongho1212's ghost
 30692 | Swamp:1  | Entered Level 1 of the Swamp
 31993 | Swamp:2  | You are sucked into a shaft and drop 1 floor!
 33535 | Swamp:4  | Entered Level 4 of the Swamp
 34008 | Swamp:4  | Reached skill level 5 in Evocations
 34442 | Swamp:4  | Reached XP level 18. HP: 121/160 MP: 14/28
 35167 | Swamp:4  | Reached skill level 10 in Throwing
 35556 | Swamp:4  | Got a decaying rune of Zot
 35667 | Spider:1 | Entered Level 1 of the Spider Nest
 35670 | Spider:1 | Noticed Mlioglotl
 35824 | Lair:2   | Killed Mlioglotl
 35896 | Lair:2   | Reached skill level 15 in Fighting
 35997 | Spider:1 | Reached skill level 15 in Invocations
 36804 | Spider:1 | Noticed Agnes
 36818 | Spider:1 | Killed Agnes
 38003 | Spider:3 | Reached XP level 19. HP: 170/170 MP: 30/30
 38328 | Spider:3 | Found a runed translucent door.
 38330 | Spider:3 | Noticed Guenter's ghost (journeyman FoFi)
 38381 | Spider:3 | Identified the +7 broad axe of the Puffball {antimagic,
                  | ^Contam Will++ Str-4 Dex+8}
 38743 | Spider:3 | Killed Guenter's ghost
 38787 | Spider:4 | Entered Level 4 of the Spider Nest
 39365 | Spider:4 | Reached skill level 10 in Dodging
 39388 | Spider:4 | Reached XP level 20. HP: 141/180 MP: 27/31
 40105 | Spider:4 | Got a gossamer rune of Zot
 40385 | Vaults:1 | Entered Level 1 of the Vaults
 40519 | Vaults:1 | Found Apliresi's Weapon Shoppe.
 40666 | Vaults:1 | Identified the serpent talisman "Xiameih" {Dex+2}
 40666 | Vaults:1 | Noticed Aizul
 40689 | Vaults:1 | Killed Aizul
 40850 | Vaults:1 | You are sucked into a shaft and drop 1 floor!
 41036 | Vaults:1 | Found a flickering gateway to a bazaar.
 41060 | Bazaar   | Entered a bazaar
 41136 | Bazaar   | Found Goiniri's Distillery.
 41165 | Bazaar   | Found Racaa's Armour Boutique.
 41165 | Bazaar   | Found Haph's Antique Weapon Boutique.
 41166 | Bazaar   | Found Jywus's Book Boutique.
 41198 | Bazaar   | Bought a potion of curing for 27 gold pieces
 41198 | Bazaar   | Bought a potion of heal wounds for 45 gold pieces
 41198 | Bazaar   | Bought a potion of haste for 90 gold pieces
 41198 | Bazaar   | Bought 2 potions of heal wounds for 90 gold pieces
 41198 | Bazaar   | Bought a potion of curing for 27 gold pieces
 41585 | Vaults:1 | Found the +3 giant club "Skullcrusher" {speed, Str+7}
 42586 | Vaults:2 | Reached XP level 21. HP: 110/188 MP: 16/33
 43342 | Vaults:2 | Identified the staff "Esecliat" {Will+ Conj Hexes}
 43350 | Vaults:2 | Identified the ring of Duhotzue {Ice Int+4}
 43353 | Vaults:2 | Identified the +2 sling of the Four Hosts {freeze, rPois
                  | Stlth+}
 43525 | Vaults:2 | Found a runed translucent gate.
 43525 | Vaults:2 | Found a runed translucent gate.
 43552 | Vaults:2 | Found a runed translucent gate.
 44594 | Vaults:3 | Noticed an ancient lich
 45153 | Vaults:3 | Killed an ancient lich
 45376 | Vaults:3 | Paralysed by an air elemental for 1 turns
 45395 | Vaults:3 | Paralysed by an air elemental for 1 turns
 45399 | Vaults:3 | Paralysed by an air elemental for 1 turns
 45427 | Vaults:3 | Paralysed by an air elemental for 1 turns
 45743 | Vaults:3 | Got the Tractate on the Atmosphere
 45909 | Vaults:3 | Found the +5 glaive of the Guard {elec, spectral}
 46007 | Vaults:3 | Identified the +1 kite shield "Fyganevorch" {rF++ Str-2
                  | Int+5}
 46230 | Vaults:3 | Reached XP level 22. HP: 200/201 MP: 34/34
 46581 | Vaults:3 | Identified 2 scrolls of acquirement
 46604 | Vaults:3 | Found a staircase to the Crypt.
 46878 | Vaults:3 | Acquired the +2 pair of gloves "Ezibrofitu" {Will+}
 46885 | Vaults:3 | Acquired 833 gold pieces
 47378 | Vaults:4 | Identified the +5 ring mail of Hide-and-Seek {Int+3}
 47911 | Vaults:4 | Noticed a golden dragon
 47923 | Vaults:4 | Killed a golden dragon
 48074 | Vaults:4 | Identified the +5 leather armour of Upyzuzoc {^Contam Fly
                  | Str+2}
 48517 | D:9      | Bought a +2 pair of boots for 181 gold pieces
 48630 | Elf:1    | Entered Level 1 of the Elven Halls
 48712 | Elf:1    | Noticed Nikola
 48726 | Elf:1    | Killed Nikola
 48806 | Elf:1    | Identified the +1 falchion of Ilown {flame, rPois Str+2
                  | Int+3}
 48913 | Elf:1    | Found a runed translucent door.
 48914 | Elf:1    | Noticed Tanach's ghost (adept OpSh)
 49003 | Elf:1    | Noticed Zenata
 49014 | Elf:1    | Killed Zenata
 49292 | Elf:1    | Noticed Kirke
 49315 | Elf:1    | Killed Kirke
 49639 | Elf:1    | Killed Tanach's ghost
 49773 | Elf:2    | Found a flickering gateway to a bazaar.
 49944 | Bazaar   | Entered a bazaar
 49952 | Bazaar   | Found Haarch's Antique Armour Shop.
 50002 | Bazaar   | Found Lemmuth's Jewellery Shop.
 50030 | Bazaar   | Bought a glimmering chain mail for 209 gold pieces
 50030 | Bazaar   | Identified the +0 chain mail "Vuogoczu" {Str+4} (You bought
                  | it in a shop in a bazaar)
 50030 | Bazaar   | Bought a runed helmet for 165 gold pieces
 50535 | Elf:2    | Found a runed translucent gate.
 50536 | Elf:2    | Found a runed translucent gate.
 50536 | Elf:2    | Found a runed translucent gate.
 50698 | Elf:3    | Entered Level 3 of the Elven Halls
 50752 | Elf:3    | Paralysed by an air elemental for 1 turns
 50851 | Elf:3    | Found a portal to a secret trove of treasure.
 51228 | Elf:3    | Reached XP level 23. HP: 208/211 MP: 35/35
 51555 | Elf:3    | Identified the +8 battleaxe "Dourex" {flame, rC+ Int+2}
 51580 | Elf:3    | Identified the +0 plate armour of Hairiness {-Cast Rampage
                  | rElec rF+}
 51591 | Elf:3    | Got the Encyclopedia of Resurrection
 51609 | Elf:3    | Identified the +2 hand axe of the Lusting Wasp {drain,
                  | Will+ Int+4}
 51625 | Elf:3    | Got Yqiapt's Handbook of Fuming Compounds
 51632 | Elf:3    | Identified the +0 great sword of the Big Fish {elec, rPois
                  | rC+}
 51633 | Elf:3    | Identified the +1 arbalest "Faerun" {heavy, Int+4}
 51636 | Elf:3    | Identified the staff of Orhaecw {Int+8 Conj}
 51654 | Elf:3    | Got the Teachings on Scorching Tinctures
 51764 | Elf:3    | Noticed Roxanne
 52093 | Elf:3    | Killed Roxanne
 52270 | Orc:2    | Bought a shiny chain mail for 195 gold pieces
 52390 | D:14     | Bought a throwing net for 48 gold pieces
 52390 | D:14     | Bought 2 javelins for 96 gold pieces
 52496 | Vaults:1 | Bought 2 throwing nets for 72 gold pieces
 52669 | Vaults:5 | Entered Level 5 of the Vaults
 52697 | Vaults:5 | Reached skill level 15 in Armour
 52705 | Vaults:5 | Reached skill level 15 in Shields
 52877 | Vaults:5 | Noticed a dread lich
 52890 | Vaults:5 | Killed a dread lich
 53003 | Vaults:5 | Noticed an ancient lich
 53022 | Vaults:5 | Killed an ancient lich
 53618 | Vaults:5 | Found Puonafempe's Antique Weapon Boutique.
 53665 | Vaults:5 | Identified the +0 robe of Amelioration {Str+4}
 53892 | Vaults:5 | Identified the +1 scale mail "Ociy" {Str+2}
 54287 | Vaults:5 | Found Cer Usch's Weapon Shoppe.
 54507 | Vaults:5 | Reached XP level 24. HP: 224/224 MP: 35/35
 54578 | Vaults:5 | Got a silver rune of Zot
 54622 | Vaults:5 | Identified the +0 robe "Uvowulin" {Int+6 Dex+5}
 54949 | Depths:1 | Entered Level 1 of the Depths
 55199 | Depths:1 | Found a blossoming altar of Fedhas.
 55401 | Depths:1 | Found a corrupted altar of Lugonu.
 55402 | Depths:1 | Found a one-way gate to the infinite horrors of the Abyss.
 55604 | Depths:1 | Got the Vademecum on Toxicity and Fire
 55967 | Depths:2 | Found a magical portal.
 55974 | WizLab   | Entered Wucad Mu's Monastery
 56727 | Depths:2 | Acquired a manual of Dodging
 58011 | Depths:3 | Noticed a juggernaut
 58036 | Depths:3 | Killed a juggernaut
 58339 | Depths:3 | Identified the +10 long sword of Summertime {speed, rPois
                  | Will+ Str-5}
 58599 | Depths:2 | Reached skill level 10 in Evocations
 58682 | Depths:2 | Found a one-way gate leading to the halls of Pandemonium.
 59135 | Depths:3 | Found a runed translucent door.
 59137 | Depths:3 | Noticed Woajiof's ghost (veteran MiCA)
 59326 | Depths:3 | Identified the +8 halberd "Uhappuk" {antimagic, rC++ rCorr
                  | SInv Stlth+}
 59981 | Elf:3    | You paid a toll of 6 scrolls of fog to enter a treasure
                  | trove
 59982 | Trove    | Entered a treasure trove
 60369 | Depths:4 | Entered Level 4 of the Depths
 60519 | Depths:4 | Found a one-way gateway to a ziggurat.
 60599 | Depths:4 | Found a gate to the Realm of Zot.
 60847 | Depths:4 | Reached XP level 25. HP: 231/231 MP: 35/35
 62123 | Crypt:1  | Entered Level 1 of the Crypt
 62806 | Crypt:1  | Reached skill level 15 in Dodging
 63558 | Crypt:2  | Reached skill level 15 in Evocations
 63792 | Crypt:3  | Entered Level 3 of the Crypt
 64216 | Crypt:3  | Identified the +11 war axe of the Mauling Gods {freeze,
                  | Will- rCorr Int-2 Stlth+}
 64524 | Crypt:3  | Identified the ring "Mankouj" {rF++ rN+++ Will- Int+6}
 64707 | Crypt:3  | Identified the amulet of Mirth {RegenMP Will+ Dex+4}
 64748 | Crypt:3  | Noticed an ancient lich
 64757 | Crypt:3  | Killed an ancient lich
 64878 | Crypt:3  | Noticed Margery
 64887 | Crypt:3  | Killed Margery
 64897 | Crypt:3  | Reached XP level 26. HP: 184/239 MP: 30/36
 64900 | Crypt:3  | Found a staircase to the Tomb.
 65059 | Crypt:3  | Got the Atlas of the Death Scarab
 65069 | Crypt:3  | Noticed an ancient lich
 65081 | Crypt:3  | Killed an ancient lich
 66513 | Slime:1  | Entered Level 1 of the Pits of Slime
 66694 | Slime:5  | Entered Level 5 of the Pits of Slime
 66735 | Slime:5  | Noticed the Royal Jelly
 66754 | Slime:5  | Killed the Royal Jelly
 66901 | Slime:5  | Identified the +5 falchion "Zypsa" {flame, +Blink rPois
                  | rN++ Str-5}
 66905 | Slime:5  | Found the +0 pair of fencer's gloves {Riposte Dex+3}
 66918 | Slime:5  | Got a starry gem with 315 turns to spare
 66929 | Slime:5  | Got a slimy rune of Zot
 66930 | Slime:5  | Identified the +0 robe of Jopaeple {rN+ Will+}
 66931 | Slime:5  | Identified the +1 leather armour of the Sun {-Cast Str+9}
 66962 | Slime:5  | Identified the amulet "Ruetas" {Acrobat -Tele Int+4 Stlth+}
 66983 | Slime:5  | Identified the +7 whip "Jusuc" {drain, rC+ rN+}
 67449 | Depths:1 | Voluntarily entered the Abyss.
 67473 | Abyss:1  | Found a basalt altar of Yredelemnul.
 68049 | Depths:1 | Escaped the Abyss
 68051 | Depths:1 | Voluntarily entered the Abyss.
 68345 | Abyss:3  | Got an abyssal rune of Zot
 68383 | Depths:1 | Escaped the Abyss
 68465 | Zot:1    | Entered Level 1 of the Realm of Zot
 68874 | Zot:1    | Reached XP level 27. HP: 244/246 MP: 30/37
 69507 | Zot:2    | Noticed an orb of fire
 69548 | Zot:2    | Killed an orb of fire
 71469 | Zot:5    | Entered Level 5 of the Realm of Zot
 72558 | Zot:5    | Noticed an orb of fire
 72583 | Zot:5    | Killed an orb of fire
 72963 | Zot:5    | Noticed a dread lich
 72966 | Zot:5    | Noticed an ancient lich
 72972 | Zot:5    | Killed an ancient lich
 72983 | Zot:5    | Noticed an orb of fire
 73016 | Zot:5    | Killed a dread lich
 73109 | Zot:5    | Upgraded the game from 0.32-a0-128-g77eb882 to
                  | 0.32-a0-131-g9dbbe29
 73399 | Zot:5    | Noticed an orb of fire
 73424 | Zot:5    | Killed an orb of fire
 73546 | Zot:5    | Noticed an orb of fire
 73565 | Zot:5    | Killed an orb of fire
 73969 | Zot:5    | Killed an orb of fire
 74090 | Zot:5    | Noticed an ancient lich
 74405 | Zot:5    | Got the Orb of Zot
 75029 | D:$      | Escaped with the Orb!

Illustrated notes

Levels and vault maps discovered:
D:1:      roderic_crossed_star, layout_rooms,
          dreamdust_ecumenical_altar_angels_and_demons, chequers_jeans,
          roderic_lattice_a
D:2:      layout_loops_ring, st_stairs_11
D:3:      layout_basic, worldfamousw_hep_ancestral_shrine
D:4:      layout_basic, uniq_edmund
D:5:      layout_layer_cave, cheibrodos_worm_habitat, yredelemnul_altar_generic,
          nemelex_dance_club_becter, nicolae_overflow_squiral,
          gammafunk_ghost_gnarly_gnolls, minmay_misc_feat_square, uniq_ijyb,
          uniq_blork_the_orc
D:6:      layout_rooms, good_gods_mini_temple, marbit_many_paths,
          minmay_temple_entry_slanted, kennysheep_dice
D:7:      layout_cave_pools, trog_book, serial_co_window_serial,
          co_window_paths_a, co_window_paths_b, co_window_paths_a,
          co_window_paths_b, co_window_corner_a, co_window_of_opportunity_b,
          co_window_cross_3, co_window_broadway_c, co_window_corner_b,
          co_window_2corner, co_window_2corner, glass_columns_c,
          glass_columns_b, glass_columns_a, glass_columns_b
D:8:      layout_loops_ring, nicolae_qazlal_scattered_showers,
          amcnicky_altar_gilded
D:9:      layout_roguey, grunt_dithmenos_shadows, mainiacjoe_overflow_chevrons,
          dpeg_lair_monsters, serial_shops, nicolae_shop_hallway_plus,
          grunt_ministairs_3
D:10:     layout_irregular_city
D:11:     layout_loops_ring, david_orc_3, hangedman_decor_opposing
D:12:     nzn_winding_woodlands_large [nzn_winding_woodlands_5x5_checkerboard,
          nzn_winding_woodlands_5x15_cabin, nzn_winding_woodlands_5x5_cross,
          nzn_winding_woodlands_center_diamonds,
          nzn_winding_woodlands_15x15_thick_spiral,
          nzn_winding_woodlands_center_triple_pond,
          nzn_winding_woodlands_5x5_closed_star,
          nzn_winding_woodlands_5x15_concentric,
          nzn_winding_woodlands_hourglass], layout_basic, serial_bayou,
          serial_bayou_pond_b, serial_bayou_lake_a, serial_bayou_pond_c,
          serial_bayou_pond_d, uniq_jorgrun
D:13:     layout_loops_ring, hellmonk_vaults_keyhole,
          hellmonk_ghost_happy_afterlife
D:14:     regret_index_dithmenos_penumbral_divide, layout_basic,
          ebering_ghost_gozag, fiery_altar_vehumet, nicolae_shop_firing_range
D:15:     hellmonk_depths_entry_around_the_bend, layout_loops_cross,
          gammafunk_ghost_fury_of_okawaru, grunt_decor_resistance, uniq_louise
Temple:   nicolae_temple_superstar
Lair:1:   layout_small_grid, gammafunk_ghost_necromancy, grunt_megastairs_3,
          lemuel_fruit_tree, infiniplex_staircase_pool, uniq_nergalle
Lair:2:   layout_small_grid, minmay_swamp_entry_reptiles,
          nicolae_spider_entry_lesser_pyramids, wad_woods_02
Lair:3:   layout_cave_pods, basic_altar
Lair:4:   layout_big_grid, nicolae_slime_entry_field_trip, grunt_megastairs_1
Lair:5:   evil_forest, layout_cave_pods, ebering_ghost_funeral_grove,
          serial_forest, infiniplex_forest_lined_room_3,
          infiniplex_forest_clump_medium, infiniplex_forest_end_3,
          infiniplex_forest_straight_4, infiniplex_forest_end_1,
          infiniplex_forest_lined_2, infiniplex_forest_straight_4,
          infiniplex_forest_lined_corner, infiniplex_forest_fountain,
          infiniplex_forest_lined_corner
Swamp:1:  layout_basic_swamp, nicolae_swamp_treefoil
Swamp:2:  layout_basic_swamp, serial_swamp_ruin, evilmike_swamp_ruin_rubble_1,
          evilmike_swamp_ruin_house_2
Swamp:3:  layout_basic_swamp, nicolae_swamp_decorative_isthmus
Swamp:4:  swamp_vile, layout_basic_swamp, swamp_pool_4
Spider:1: layout_spider_delve, beargit_elvish_explorers, uniq_mlioglotl,
          uniq_agnes
Spider:2: layout_spider_delve
Spider:3: layout_spider_delve, ebering_ghost_reflecting_pool
Spider:4: grunt_spider_rune_parallel
Slime:1:  layout_caves
Slime:2:  nicolae_slime_pool, layout_caves, basic_altar
Slime:3:  layout_caves
Slime:4:  layout_caves, cheibrodos_slime_lost_civilization_7
Slime:5:  slime_pit
Orc:1:    nicolae_orc_accident_2, layout_caves, basic_altar,
          nicolae_shop_overcharged_wands
Orc:2:    st_orc_open, layout_caves, serial_shops, shop,
          regret_index_minedec_devilstone
Elf:1:    elf_arrival_001, layout_loops_cross, hellmonk_ghost_big_iron,
          kennysheep_underground_church, uniq_nikola, uniq_kirke, uniq_zenata
Elf:2:    nicolae_elf_blades_crystal_corner, layout_geoelf_octagon,
          serial_shops, bzr_entry_customers, st_stairs_8
Elf:3:    minmay_elf_hall_circle, layout_geoelf_diagonals,
          nicolae_trove_entry_diagonal, serial_library_hellmonk_secret_room,
          uniq_roxanne
Vaults:1: nicolae_vaults_turnstiles, nicolae_vaults_puzzle_piece,
          hangedman_vaults_nails, nicolae_vaults_closet_pinwheel_2, v_misc_19,
          nicolae_vaults_variable_pillar_hall, nicolae_vaults_network_periphery,
          nicolae_vaults_taking_the_gang_shopping, layout_vaults_omnigrid,
          serial_shops, freezing_bzr, uniq_aizul
Vaults:2: ploomutoo_gammafunk_ghost_potion_laboratory, nicolae_vaults_tangram_1,
          v_pattern_2, nicolae_vaults_tangram_1, nicolae_vaults_network_star,
          v_alt_pattern_2, nicolae_vaults_little_squares_2,
          hangedman_vaults_restitches, grunt_vaults_trifunnel,
          nicolae_vaults_network_quincunx
          [nicolae_vaults_network_quincunx_subvault,
          nicolae_vaults_network_quincunx_subvault,
          nicolae_vaults_network_quincunx_subvault,
          nicolae_vaults_network_quincunx_subvault,
          nicolae_vaults_network_quincunx_subvault], vaults_room_door_ring,
          nicolae_vaults_apartment_1, nicolae_vaults_storing_the_good_stuff,
          grunt_vaults_hallway_long, nicolae_vaults_double_plus_1,
          layout_vaults_omnicross
Vaults:3: minmay_crypt_entry_simple_round, vaults_room_door_hall,
          nicolae_vaults_variable_pillar_hall, nicolae_vaults_storage_closets_2,
          vaults_room_ringed_pool, nicolae_vaults_little_squares_1,
          minmay_guarded_unrand_guard, nicolae_vaults_tetromino_T_1,
          vaults_dpeg_emergency_exit, nicolae_vaults_tangram_1,
          vaults_room_pools, nicolae_vaults_spaceships,
          ontoclasm_vaults_misaligned, v_pattern_4,
          nicolae_vaults_tetromino_L_1, layout_vaults_ring,
          serial_magic_research, hangedman_research_electronics
Vaults:4: nicolae_vaults_network_s, nicolae_vaults_three_branches,
          nicolae_vaults_more_shelving_2, hangedman_vaults_corner_blocks,
          nicolae_vaults_storage_room_doors, vaults_room_fancy_cross,
          nicolae_vaults_back_hallway, ontoclasm_vaults_loading_screen,
          nicolae_vaults_hallways_thing, layout_vaults_omnibox
Vaults:5
Crypt:1:  layout_misc_corridors
Crypt:2:  layout_gridlike
Crypt:3:  quadcrypt_mu, uniq_margery
Depths:1: layout_cave_pools, abyss_entry_flame_altar, grunt_hell_entry_dis_mu,
          minmay_misc_feat_encased, minivault_16, minmay_crystal_water,
          fedhas_altar_3
Depths:2: minmay_split_circle, layout_cave_shapes, mu_enter_wizlab_7,
          serial_sigils_hangedman_leer, pf_hell_entry_tar_river, pan_entry
Depths:3: minmay_cut_squares, layout_basic, ebering_ghost_inner_flame,
          rand_demon_pan_entry_1, abyss_entry, hell_entry, firewood_loft
Depths:4: grunt_zot_entry_funnels, layout_gridlike, enter_ziggurat_c,
          hell_entry, grunt_decor_junction, minmay_misc_feat_hallway,
          evilmike_butchery
Zot:1:    layout_onion_interference
Zot:2:    hangedman_snap_crack_crunch, layout_onion,
          regret_index_zotdec_glowing_original, lemuel_elevator
Zot:3:    layout_gridlike
Zot:4:    layout_misc_corridors, regret_index_zotdec_banners
Zot:5:    layout_cathedral_of_symmetry

Skill      XL: |  1  2  3  4  5  6  7  8  9 10 11 12 13 14 15 16 17 18 19 20 21 22 23 24 25 26 27 |
---------------+----------------------------------------------------------------------------------+-----
Unarmed Combat | 3 4 5 6 9 11 12 13 14 15 16 18 20 21 22 24 | 24.0
Dodging        | 1 2 4 5 6 8 9 10 12 13 15 16 | 16.0
Shields        | 3 4 5 6 8 10 12 13 14 15 16 | 16.0
Armour         | 3 4 5 6 7 8 9 10 12 13 14 15 16 | 16.0
Fighting       | 4 5 6 7 9 10 11 12 13 14 15 16 17 18 20 21 | 21.9
Throwing       | 2 4 6 9 10 11 12 13 14 | 14.0
Invocations    | 4 5 6 11 14 15 16 17 19 21 24 | 24.0
Evocations     | 2 4 5 7 8 10 16 | 16.0

Action                     |  1- 3 |  4- 6 |  7- 9 | 10-12 | 13-15 | 16-18 | 19-21 | 22-24 | 25-27 || total
---------------------------+-------+-------+-------+-------+-------+-------+-------+-------+-------++-------
  Melee: Unarmed           |    94 |   201 |   343 |   564 |  1050 |  1294 |  1164 |  1863 |  2513 ||  9086
  Throw: Stone             |     4 |     2 |    12 |     5 |    11 |       |       |       |       ||    34
         Boomerang         |       |     1 |     3 |     5 |     5 |    85 |    34 |    52 |   148 ||   333
         Dart              |       |       |    18 |    42 |    18 |     7 |     1 |     4 |       ||    90
         Javelin           |       |       |       |       |       |       |       |     6 |    12 ||    18
 Invoke: Minor Destruction |       |       |       |    27 |   114 |     7 |     4 |       |     2 ||   154
         Lesser Servant of |       |       |       |     1 |     7 |       |     2 |       |       ||    10
         Major Destruction |       |       |       |       |    11 |     5 |    19 |    16 |    15 ||    66
         Greater Servant o |       |       |       |       |       |     2 |     9 |     3 |    13 ||    27
  Evoke: Wand              |       |       |       |       |     2 |     3 |    13 |     8 |    21 ||    47
         Phantom mirror    |       |       |       |       |     1 |       |     1 |       |       ||     2
         Tin of tremorston |       |       |       |       |       |       |       |     3 |     2 ||     5
    Use: Potion            |       |       |     1 |     1 |     1 |     2 |     6 |     6 |    22 ||    39
         Scroll            |       |       |     4 |     9 |     3 |    12 |     6 |    18 |    28 ||    80
   Stab: Petrified         |       |       |       |       |     6 |       |       |       |       ||     6
         Invisible         |       |       |       |       |     1 |       |       |       |     6 ||     7
         Confused          |       |       |       |       |       |     1 |       |       |       ||     1
         Distracted        |       |       |       |       |       |       |     3 |       |     1 ||     4
         Fleeing           |       |       |       |       |       |       |       |       |     1 ||     1
 Armour: Scale mail        |    35 |    58 |       |       |       |       |       |       |       ||    93
         Chain mail        |       |    44 |   237 |       |    60 |   789 |   834 |  1058 |       ||  3022
         Ring mail         |       |       |     1 |   318 |   406 |       |       |       |       ||   725
         Gold dragon scale |       |       |       |       |       |       |       |    90 |  1468 ||  1558
  Dodge: Dodged            |    25 |    60 |   130 |   182 |   235 |   317 |   390 |   516 |   607 ||  2462
  Block: Buckler           |    10 |    16 |    67 |    41 |       |       |       |       |       ||   134
         Kite shield       |       |       |       |   162 |   643 |   938 |   847 |  1227 |  1633 ||  5450

Table legend: (Time is in decaauts)
 A = Elapsed time spent in this place.
 B = Non-inter-level travel time spent in this place.
 C = Inter-level travel time spent in this place.
 D = Time resting spent in this place.
 E = Time spent auto-exploring this place.
 F = Levels seen in this place.
 G = Mean time per level.
                   A        B        C        D        E       F      G
               +--------+--------+--------+--------+--------+-----+--------+
         Total |  72354 |  64653 |   7701 |   8546 |  35540 |  64 | 1130.5 |
       Dungeon |  22534 |  19227 |   3307 |   3242 |   9854 |  15 | 1502.3 |
        Temple |     56 |      2 |     54 |      0 |      0 |   1 |   56.0 |
          Lair |   8430 |   7723 |    707 |   1122 |   4342 |   5 | 1686.0 |
         Swamp |   4785 |   4594 |    191 |   1133 |   2464 |   4 | 1196.2 |
   Spider Nest |   4288 |   3894 |    394 |    298 |   2480 |   4 | 1072.0 |
    Slime Pits |    460 |    421 |     39 |      7 |      0 |   5 |   92.0 |
  Orcish Mines |   1935 |   1614 |    321 |    124 |    872 |   2 |  967.5 |
   Elven Halls |   3558 |   3167 |    391 |    191 |   1962 |   3 | 1186.0 |
        Vaults |  10030 |   9047 |    983 |    993 |   5219 |   5 | 2006.0 |
         Crypt |   3419 |   3220 |    199 |      0 |   2348 |   3 | 1139.7 |
        Depths |   6054 |   5268 |    786 |    556 |   3648 |   4 | 1513.5 |
           Zot |   5421 |   5095 |    326 |    750 |   2174 |   5 | 1084.2 |
         Abyss |    819 |    819 |      0 |      0 |      0 |   4 |  204.8 |
        Bazaar |    263 |    263 |      0 |      0 |    174 |   2 |  131.5 |
         Trove |     58 |     58 |      0 |      0 |      2 |   1 |   58.0 |
        Wizlab |    236 |    236 |      0 |    128 |      0 |   1 |  236.0 |
               +--------+--------+--------+--------+--------+-----+--------+

Top non-repeatable levels by time:
     D:5: 2787 daAuts
Vaults:3: 2586 daAuts
  Lair:5: 2462 daAuts
   Zot:5: 2407 daAuts
Vaults:2: 2358 daAuts
Depths:2: 2278 daAuts
    D:12: 1928 daAuts
    D:14: 1925 daAuts
    D:11: 1903 daAuts
Vaults:5: 1865 daAuts
Vaults:1: 1855 daAuts
 Crypt:3: 1842 daAuts
     D:9: 1786 daAuts
  Lair:1: 1773 daAuts
 Swamp:3: 1761 daAuts
